 Dungeon Crawl Stone Soup version 0.31-a0-982-g1816016f30 (webtiles) character file.

Game seed: 7447256999236746977

795 Descartes the Shield-Bearer (level 8, 0/62 HPs)
             Began as a Formicid Fighter on Nov 2, 2023.
             Was an Initiate of Gozag.
             Slain by a sleepcap (5 damage)
             ... on level 5 of the Dungeon.
             The game lasted 00:07:28 (4165 turns).

Descartes the Shield-Bearer (Formicid Fighter)      Turns: 4165, Time: 00:07:28

Health: 0/62       AC: 15    Str: 24    XL:     8   Next: 13%
Magic:  8/8        EV:  2    Int:  7    God:    Gozag
Gold:   165        SH:  0    Dex: 13    Spells: 7/7 levels left

rFire   . . .        a - +0 war axe
rCold   . . .        c - +0 buckler
rNeg    . . .        w - +0 plate armour
rPois   .            (helmet unavailable)
rElec   .            e - scarf {repulsion}
rCorr   .            B - +0 pair of gloves
SInv    +            v - +0 pair of boots
Will    .....        (no amulet) Stlth
                     b - ring of wizardry
HPRegen 0.30/turn    (no ring)
MPRegen 0.11/turn

%: repel missiles, wizardry (x1)
@: sleeping, gold aura
A: permanent stasis, dig shafts and tunnels, antennae 3, four strong arms
a: Dig, Shaft Self, Renounce Religion, Potion Petition, Call Merchant, Bribe
Branch


You were on level 5 of the Dungeon.
You worshipped Gozag.
Gozag was aware of your devotion.
You visited 2 branches of the dungeon, and saw 6 of its levels.

You collected 231 gold pieces.
You paid 66 gold pieces to Gozag.

Inventory:

Hand Weapons
 a - a +0 war axe (weapon)
 y - a +2 vampiric trident
Missiles
 x - a throwing net
 C - 4 atropa-tipped darts
Armour
 c - a +0 buckler (worn)
 e - a scarf of repulsion (worn)
 v - a +0 pair of boots (worn)
 w - a +0 plate armour (worn)
 B - a +0 pair of gloves (worn)
Jewellery
 b - a ring of wizardry (left hand)
Wands
 l - a wand of iceblast (10)
 u - a wand of charming (6)
Scrolls
 f - 3 scrolls of identify {unknown}
 h - 2 scrolls of immolation {unknown}
 j - 7 scrolls of amnesia {unknown}
 k - a scroll of fear {unknown}
 m - a scroll of noise {unknown}
 o - a scroll of blinking {unknown}
 p - 2 scrolls of enchant armour {unknown}
 q - 3 scrolls of teleportation {unknown}
 r - a scroll of vulnerability {unknown}
 s - a scroll of poison {unknown}
 t - a scroll of fog {unknown}
 A - a scroll of silence {unknown}
Potions
 d - 2 potions of might
 g - 3 potions of curing {unknown}
 i - a potion of enlightenment {unknown}
 n - a potion of heal wounds {unknown}
 z - a potion of magic {unknown}


   Skills:
 - Level 5.0 Fighting
 + Level 4.8 Axes
 + Level 5.9 Armour
 + Level 7.1 Shields


You had 7 spell levels left.
You didn't know any spells.
Your spell library contained the following spells:

 Spells                   Type           Power      Damage    Failure   Level
 Ensorcelled Hibernation  Hex/Ice        0%         N/A       99%         2
 Passwall                 Tmut/Erth      0%         N/A       99%         2
 Swiftness                Air            Unusable   N/A       N/A         3

Dungeon Overview and Level Annotations

Branches:
Dungeon (5/15)             Temple (1/1) D:5

Altars:
Ashenzari
Dithmenos
Fedhas
Gozag
Hepliaklqana
Makhleb
Nemelex Xobeh
Okawaru
Ru
Sif Muna
Trog
Xom
Yredelemnul
The Shining One


Innate Abilities, Weirdness & Mutations

You cannot be hasted, slowed, berserked, paralysed or teleported.
You can dig through walls and to a lower floor.
You have a pair of large antennae on your head. (SInv)
Your four strong arms can wield two-handed weapons with a shield.


Message History

You completely miss the iguana.
The iguana is moderately wounded.
You block the iguana's attack.
The iguana bites you but does no damage.
You closely miss the iguana.
The iguana is moderately wounded.
The iguana bites you but does no damage.
You hit the iguana.
The iguana is heavily wounded.
The iguana bites you.
* * * LOW HITPOINT WARNING * * *
You hit the iguana but do no damage.
The iguana is heavily wounded.
The iguana bites you but does no damage.
A sleepcap comes into view.
You slash the iguana!
The iguana is almost dead.
You block the iguana's attack. The iguana bites you.
* * * LOW HITPOINT WARNING * * *
You completely miss the iguana.
The iguana is almost dead.
The iguana barely misses you.
You hit the iguana.
You kill the iguana!
You see here 9 gold pieces.
Found 14 gold pieces.
You block the sleepcap's attack.
You hit the sleepcap.
The sleepcap is lightly damaged.
The sleepcap releases spores at you.
* * * LOW HITPOINT WARNING * * *
The sleepcap barely misses you.
You slash the sleepcap!
The sleepcap is heavily damaged.
The sleepcap releases spores at you.
* * * LOW HITPOINT WARNING * * *
You are engulfed in a cloud of soporific spores!
You fall asleep.
The sleepcap releases spores at you.
You die...
Your body crumbles into a pile of gold.

#.. .... ##...
$..# ..# #.# .
######.####..#
#......@.....#
#....$$f###....
#.......# .
#.......#
#.......#
#.......#
#.......#
#.##.##.### ##
#.##).....###


You could see a sleepcap.

Vanquished Creatures
  A water moccasin (D:5)
  A black bear (D:4)
  An ogre (D:5)
  A scorpion (D:5)
  2 hounds (D:5)
  An iguana (D:5)
  A sleepcap (D:5)
  3 orc wizards
  7 gnolls (D:4)
  11 adders
  3 worms (D:3)
  3 dart slugs
  14 orcs
  3 bats
  7 endoplasms
  3 giant cockroaches
  4 goblins
  4 hobgoblins
  3 jackals (D:2)
  4 quokkas
  6 ball pythons
  2 frilled lizards
  5 kobolds
  7 rats
97 creatures vanquished.

Notes
Turn   | Place    | Note
-------+----------+-------------------------------------------
     0 | D:1      | Descartes the Formicid Fighter began the quest for the Orb.
     0 | D:1      | Reached XP level 1. HP: 18/18 MP: 1/1
   173 | D:1      | Reached XP level 2. HP: 24/24 MP: 2/2
   262 | D:1      | Found a faded altar of an unknown god.
   808 | D:2      | Reached XP level 3. HP: 21/29 MP: 3/3
  1225 | D:2      | Reached XP level 4. HP: 28/37 MP: 4/4
  1746 | D:3      | Reached skill level 5 in Shields
  1746 | D:3      | Reached XP level 5. HP: 31/42 MP: 5/5
  2241 | D:4      | Reached XP level 6. HP: 47/49 MP: 6/6
  2593 | D:4      | Noticed a black bear
  2607 | D:4      | Killed a black bear
  2701 | D:4      | Reached XP level 7. HP: 37/55 MP: 7/7
  3107 | D:4      | Reached skill level 6 in Shields
  3145 | D:4      | Reached skill level 5 in Armour
  3566 | D:5      | Entered Level 5 of the Dungeon
  3572 | D:5      | Reached skill level 5 in Fighting
  3627 | D:5      | Found a staircase to the Ecumenical Temple.
  3645 | Temple   | Entered the Ecumenical Temple
  3663 | Temple   | Became a worshipper of Gozag Ym Sagoz the Greedy
  3760 | D:5      | Noticed a water moccasin
  3770 | D:5      | Killed a water moccasin
  4152 | D:5      | Reached skill level 7 in Shields
  4152 | D:5      | Reached XP level 8. HP: 13/62 MP: 8/8
  4165 | D:5      | Slain by a sleepcap

Illustrated notes

Levels and vault maps discovered:
D:1:      minmay_arrival_semitransparent, layout_loops_cross,
          chequers_ecumenical_altar_island, serial_forest,
          infiniplex_forest_clump_curved, infiniplex_forest_lined_ring,
          infiniplex_forest_straight_3, infiniplex_forest_lined_3_way,
          infiniplex_forest_end_2, infiniplex_forest_lined_ring,
          infiniplex_forest_lined_room_2, infiniplex_forest_lined_4_way,
          minmay_pentomino_t4
D:2:      layout_loops_cross, grunt_ministairs_3
D:3:      layout_rooms
D:4:      layout_layer_cave, minmay_misc_feat_pillars, kennysheep_generic_room_8
D:5:      layout_loops_cross, minmay_temple_entry_steel_oval
Temple:   nicolae_temple_bog_church

Skill      XL: |  1  2  3  4  5  6  7 |
---------------+----------------------+-----
Armour         | 4 5 |  5.9
Fighting       | 4 5 |  5.0
Shields        | 5 7 |  7.1
Axes           | 3 4 |  4.8

Action                     |  1- 3 |  4- 6 |  7- 9 || total
---------------------------+-------+-------+-------++-------
  Melee: War axe           |    75 |   177 |    96 ||   348
 Armour: Scale mail        |    29 |       |       ||    29
         Chain mail        |    32 |   142 |       ||   174
         Plate armour      |       |       |    92 ||    92
  Dodge: Dodged            |    29 |    64 |    19 ||   112
         Repelled          |       |     1 |     1 ||     2
  Block: Buckler           |    18 |    40 |    26 ||    84

Table legend: (Time is in decaauts)
 A = Elapsed time spent in this place.
 B = Non-inter-level travel time spent in this place.
 C = Inter-level travel time spent in this place.
 D = Time resting spent in this place.
 E = Time spent auto-exploring this place.
 F = Levels seen in this place.
 G = Mean time per level.
                   A        B        C        D        E       F      G
               +--------+--------+--------+--------+--------+-----+--------+
         Total |   4298 |   4183 |    115 |      0 |   3304 |   6 |  716.3 |
       Dungeon |   4255 |   4175 |     80 |      0 |   3304 |   5 |  851.0 |
        Temple |     42 |      7 |     35 |      0 |      0 |   1 |   42.0 |
               +--------+--------+--------+--------+--------+-----+--------+

Top non-repeatable levels by time:
     D:4: 1371 daAuts
     D:2: 923 daAuts
     D:1: 767 daAuts
     D:3: 616 daAuts
     D:5: 577 daAuts
  Temple: 42 daAuts
